 Dungeon Crawl Stone Soup version 0.27.0-65-ge2af304b15 (webtiles) character file.

Game seed: 3116120458338735339

233 KONINGBADAAP the Poker (level 5, -6/45 HPs)
             Began as a Minotaur Berserker on Aug 18, 2021.
             Was a Believer of Trog.
             Mangled by a mummy (7 damage)
             ... in an ossuary.
             The game lasted 00:11:47 (3379 turns).

KONINGBADAAP the Poker (Minotaur Berserker)         Turns: 3379, Time: 00:11:47

Health: -6/45      AC: 11    Str: 23    XL:     5   Next: 74%
Magic:  4/4        EV:  6    Int:  4    God:    Trog [**....]
Gold:   172        SH:  3    Dex:  9    Spells: 4/4 levels left

rFire    . . .     SeeInvis .   a - +0 mace
rCold    . . .     Faith    .   u - +0 buckler
rNeg     . . .     Spirit   .   t - +0 plate armour
rPois    .         Reflect  .   (helmet restricted)
rElec    .         Harm     .   m - scarf {repulsion}
rCorr    .         Rampage  .   (no gloves)
Will     ++...                  (no boots)
Stlth    ..........             (no amulet)
HPRegen  1.15/turn              (no ring)
MPRegen  0.09/turn              (no ring)

@: marked, strong-willed, on berserk cooldown, regenerating, slowed, repel
missiles, very slow
A: horns 2, retaliatory headbutt
a: Renounce Religion, Berserk, Trog's Hand


You were in an ossuary.
You worshipped Trog.
Trog was pleased with you.
You visited 1 branch of the dungeon, and saw 4 of its levels.
You also visited: Ossuary.

You collected 172 gold pieces.

Inventory:

Hand Weapons
 a - a +0 mace (weapon)
 p - a +0 flail
Missiles
 g - 13 poisoned darts (quivered)
 h - 41 stones
 q - 7 silver javelins
Armour
 b - a +0 animal skin
 c - a scarf of resistance
 d - a +0 scale mail
 i - a +0 scale mail
 k - a +0 cloak
 m - a scarf of repulsion (worn)
 o - a +0 leather armour
 t - a +0 plate armour (worn)
 u - a +0 buckler (worn)
Scrolls
 e - a scroll of summoning {unknown}
 f - a scroll of teleportation {unknown}
 n - 4 scrolls of acquirement {unknown}
 r - a scroll of vulnerability {unknown}
 v - a scroll of enchant weapon {unknown}
Potions
 j - a potion of attraction {unknown}
 l - a potion of mutation {unknown}
 s - a potion of brilliance {unknown}


   Skills:
 - Level 3.6 Fighting
 - Level 0.3(0.5) Short Blades
 - Level 0.6(0.7) Long Blades
 - Level 3.6(4.6) Maces & Flails
 + Level 4.4(5.2) Polearms
 + Level 4.3(5.8) Staves
 - Level 0.1(0.2) Slings
 - Level 0.5 Bows
 - Level 0.1 Crossbows
 - Level 0.3 Throwing
 - Level 2.4 Armour
 - Level 2.1 Dodging
 - Level 0.1 Shields
 - Level 0.1 Invocations
 - Level 0.2 Evocations


You had 4 spell levels left.
You didn't know any spells.
Your spell library contained the following spells:

 Spells                   Type           Power      Damage    Failure   Level
 Animate Skeleton         Necr           0%         N/A       100%        1
 Pain                     Necr           0%         1d4       100%        1
 Summon Small Mammal      Summ           0%         N/A       100%        1
 Ozocubu's Armour         Ice            0%         N/A       100%        3
 Portal Projectile        Hex/Tloc       0%         N/A       100%        3
 Vampiric Draining        Necr           0%         2d6       100%        3
 Blade Hands              Tmut           0%         N/A       100%        5
 Excruciating Wounds      Necr           0%         N/A       100%        5
 Metabolic Englaciation   Hex/Ice        0%         N/A       100%        5
 Simulacrum               Ice/Necr       0%         N/A       100%        6


Dungeon Overview and Level Annotations

Branches:
Dungeon (4/15)            Ossuary (1/1)
 Temple: D:4-7

Altars:


Innate Abilities, Weirdness & Mutations

You have a pair of horns on your head.
You reflexively headbutt those who attack you in melee.


Message History

The hobgoblin zombie hits you but does no damage.
Your plate armour prevents you from hitting the hobgoblin zombie.
You completely miss the hobgoblin zombie.
The hobgoblin zombie hits you but does no damage.
You sock the hobgoblin zombie! You headbutt the hobgoblin zombie.
You destroy the hobgoblin zombie!
Trog accepts your kill.
You start resting.
You feel a strong urge to attack something.
You start resting.
You are no longer berserk.
You are exhausted.
You feel yourself slow down.
You start resting.
A mummy comes into view. x3
The mummy enters a dispersal trap!
The mummy blinks! x4; You blink.
The mummy blinks!
You hit the mummy but do no damage. You headbutt the mummy!
The mummy is heavily damaged.
You block the mummy's attack. The mummy hits you.
The mummy hits you but does no damage.
Your plate armour prevents you from hitting the mummy.
You headbutt the mummy.
The mummy is severely damaged.
The mummy hits you but does no damage. The mummy hits you!
You hit the mummy.
The mummy is almost destroyed.
The mummy hits you! x2
You are too injured to fight recklessly!
You hit the mummy. You headbutt the mummy.
The mummy is moderately damaged.
The mummy hits you but does no damage. The mummy hits you!
* * * LOW HITPOINT WARNING * * *
Okay, then.
Your skin crawls.
You feel strong-willed. The mummy hits you.
* * * LOW HITPOINT WARNING * * *
The mummy hits you!
You die...

.......
#^.^^.##
.^.^...#
##.....##
.M.....#
##.....##
#.M.....#
##^@M..##
#.......#
##.^...##
#.^.....#
##.....##
#....^..#
##.....##
#.....#
#.....#


You could see 3 mummies.

Vanquished Creatures
  2 centaur zombies (Ossuary)
  An orc wizard (D:3)
  3 mummies (Ossuary)
  5 adders
  2 dart slugs
  3 orcs
  4 bats
  6 endoplasms
  4 goblins
  3 hobgoblins
  4 jackals (D:3)
  2 kobolds
  2 quokkas (D:3)
  6 ball pythons
  3 frilled lizards (D:1)
  4 hobgoblin zombies (Ossuary)
  5 rats
  2 rat zombies (D:4)
61 creatures vanquished.

Vanquished Creatures (others)
  2 fungi (D:1)
2 creatures vanquished.

Grand Total: 63 creatures vanquished

Notes
Turn   | Place    | Note
-------+----------+-------------------------------------------
     0 | D:1      | KONINGBADAAP the Minotaur Berserker began the quest for the
                  | Orb.
     0 | D:1      | Reached XP level 1. HP: 19/19 MP: 0/0
   275 | D:1      | Found a faded altar of an unknown god.
   388 | D:1      | Got Plato's Reference Book on Summoning
   728 | D:1      | Reached XP level 2. HP: 26/26 MP: 1/1
  1377 | D:2      | Reached skill level 1 in Polearms
  1377 | D:2      | Reached skill level 1 in Staves
  1676 | D:2      | Reached XP level 3. HP: 31/31 MP: 2/2
  1986 | D:2      | Reached ** piety under Trog
  2254 | D:3      | Reached XP level 4. HP: 31/39 MP: 3/3
  3201 | D:4      | Found a sand-covered staircase.
  3224 | Ossuary  | Entered an ossuary
  3235 | Ossuary  | Reached XP level 5. HP: 45/45 MP: 4/4
  3379 | Ossuary  | HP: 1/45 [mummy (4)]
  3379 | Ossuary  | Mangled by a mummy

Illustrated notes

Levels and vault maps discovered:
D:1:      dpeg_arrival_three_smaller_balls, layout_loops_corners,
          shapermc_ecumenical_altar_rom_forum, chequers_serial_rivers_small_3,
          minmay_misc_feat_more_columns, chequers_avenue, minmay_crystal_water
D:2:      layout_loops_ring, minmay_misc_feat_enclosed
D:3:      layout_loops_ring, minmay_misc_feat_nine_boxes
D:4:      minmay_angry_zag, layout_loops_ring,
          mainiacjoe_overflow_small_starburst, enter_ossuary_4,
          gammafunk_ghost_nasty_kobolds
Ossuary:  ossuary_the_hunt_dpeg

Skill      XL: |  1  2  3  4  5 |
---------------+----------------+-----
Polearms       | 1 2 3 4 |  4.4
Staves         | 1 2 3 4 |  4.3
Fighting       | |  3.6
Short Blades   | |  0.3
Long Blades    | |  0.6
Maces & Flails | |  3.6
Slings         | |  0.1
Bows           | |  0.5
Crossbows      | |  0.1
Throwing       | |  0.3
Armour         | |  2.4
Dodging        | |  2.1
Shields        | |  0.1
Invocations    | |  0.1
Evocations     | |  0.2

Action                   |  1- 3 |  4- 6 || total
-------------------------+-------+-------++-------
Melee: Mace              |    67 |    81 ||   148
       Headbutt          |    16 |    16 ||    32
Invok: Berserk           |       |     2 ||     2
       Trog's Hand       |       |     1 ||     1
Armor: Scale mail        |    36 |    27 ||    63
       Plate armour      |       |    48 ||    48
Dodge: Dodged            |    44 |    51 ||    95
Block: Buckler           |       |     3 ||     3
